 Dungeon Crawl Stone Soup version 0.20.1-1-g8b1a95d (webtiles) character file.

826 polve the Poker (level 7, -4/75 HPs)
             Began as a Merfolk Skald on July 23, 2017.
             Slain by a centaur (9 damage)
             ... on level 5 of the Dungeon.
             The game lasted 00:10:23 (5674 turns).

polve the Poker (Merfolk Skald)                     Turns: 5674, Time: 00:10:24

Health: -4/75      AC:  8    Str: 14    XL:     7   Next: 96%
Magic:  0/10       EV: 13    Int: 14    God:
Gold:   136        SH:  0    Dex: 18    Spells: 2/10 levels left

rFire    . . .     SeeInvis +   a - +0 spear
rCold    . . .     Gourm    .   (no shield)
rNeg     . . .     Faith    .   t - +1 leather armour "Qulupueps" {rPois Regen+ Str-3 Dex+5} (curse)
rPois    +         Spirit   .   (no helmet)
rElec    .         Reflect  .   o - +0 cloak
rCorr    .         Harm     .   m - +0 pair of gloves
MR       .....                  (no boots)
Stlth    ..........             (no amulet)
Regen    0.7/turn               j - ring of see invisible
MPRegen  0.2/turn               (no ring)

@: berserking, infused, very quick
A: change form in water, swift swim, stealthy swim, yellow scales 1, wild magic
1
a: no special abilities


You were on level 5 of the Dungeon.
You were very hungry.

You visited 1 branch of the dungeon, and saw 5 of its levels.

You collected 318 gold pieces.
You spent 182 gold pieces at shops.

Inventory:

Hand Weapons
 a - a +0 spear (weapon)
Armour
 m - a +0 pair of gloves (worn)
 o - a +0 cloak (worn)
 t - the cursed +1 leather armour "Qulupueps" (worn) {rPois Regen+ Str-3 Dex+5}
   (You bought it in a shop on level 5 of the Dungeon)

   It affects your strength (-3).
   It affects your dexterity (+5).
   It protects you from poison.
   It increases your rate of regeneration.
   It has a curse placed upon it.
Jewellery
 j - a ring of see invisible (left hand)
Scrolls
 f - a scroll of identify
 i - 3 scrolls of enchant armour
 n - 2 scrolls of teleportation
 q - 2 scrolls of remove curse
 v - a scroll of fear {unknown}
 w - a scroll of recharging {unknown}
 x - a scroll of magic mapping {unknown}
Potions
 e - 2 potions of flight
 h - 2 potions of magic
 k - a potion of brilliance
 p - a potion of invisibility {unknown}
 r - 2 potions of berserk rage
 s - a potion of degeneration {unknown}
Books
 c - a book of Battle

   Spells                             Type                      Level
   a - Infusion                       Charms                       1
   b - Shroud of Golubria             Charms/Translocation         2
   c - Song of Slaying                Charms                       2
   d - Spectral Weapon                Hexes/Charms                 3
   e - Regeneration                   Charms/Necromancy            3
Comestibles
 d - 5 bread rations
 g - 5 fruits
 l - 4 royal jellies


   Skills:
 - Level 2.1 Fighting
 + Level 7.7 Polearms
 - Level 0.6 Armour
 - Level 2.6 Dodging
 - Level 2.0 Spellcasting
 + Level 4.2 Hexes
 + Level 5.2 Charms
 - Level 3.0 Translocations


You had 2 spell levels left.
You knew the following spells:

 Your Spells              Type           Power        Failure   Level  Hunger
a - Infusion              Chrm           ###.         6%          1    ##.....
b - Shroud of Golubria    Chrm/Tloc      ###.......   13%         2    ###....
c - Spectral Weapon       Hex/Chrm       ###.....     19%         3    ####...
d - Song of Slaying       Chrm           ###.....     9%          2    ###....


Dungeon Overview and Level Annotations

Branches:
Dungeon (5/15)             Temple (0/1) D:5

Altars:
Hepliaklqana
Okawaru
Qazlal
Vehumet

Shops:
D:5 [[!


Innate Abilities, Weirdness & Mutations

You revert to your normal form in water.
You are very nimble and swift while swimming.
You are very stealthy in the water. (Stealth+)
You are partially covered in yellow scales. (AC +2)
Your spells are a little harder to cast, but a little more powerful.


Message History

You closely miss the phantom.
The phantom is almost destroyed.
The centaur closely misses you.
You hit the phantom but do no damage.
The phantom is almost destroyed.
The centaur hits you.
* * * LOW HITPOINT WARNING * * *
The phantom hits you but does no damage.
You hit the phantom.
You destroy the phantom!
The centaur barely misses you.
You hit the centaur but do no damage. The centaur completely misses you.
You hit the centaur but do no damage. The centaur hits you!
* * * LOW HITPOINT WARNING * * *
You barely miss the centaur. The centaur barely misses you.
The centaur hits you.
* * * LOW HITPOINT WARNING * * *
A red film seems to cover your vision as you go berserk!
You feel yourself moving faster!
You feel mighty! The centaur hits you!
You die...

#.... # ##
#.#.##.# #.
#.ยง....# #. #(#
#. ###.#### #.
#......# #.
#.#.##.# ########.
#c#.##.###......#.
#@#........####.##
#.####.##### #...
#.# #.# #### #..
..# ### ####


You could see a centaur.

Vanquished Creatures
  Sigmund (D:3)
  A phantom (D:5)
  An ice beast (D:5)
  2 ogres
  A jelly (D:5)
  A hound (D:4)
  An iguana (D:4)
  Ijyb (D:3)
  3 worker ants
  4 adders
  2 oozes
  An adder skeleton (D:4)
  2 dart slugs
  3 worms
  2 leopard geckos
  8 orcs (D:3)
  7 bats
  6 giant cockroaches
  10 goblins
  7 hobgoblins
  7 kobolds
  A quokka (D:3)
  2 frilled lizards
  A jackal zombie (D:5)
  2 leopard gecko zombies (D:5)
  13 rats
90 creatures vanquished.

Notes
Turn   | Place    | Note
-------+----------+-------------------------------------------
     0 | D:1      | polve the Merfolk Skald began the quest for the Orb.
     0 | D:1      | Reached XP level 1. HP: 16/16 MP: 3/3
   290 | D:1      | Reached XP level 2. HP: 21/22 MP: 0/5
   468 | D:1      | Reached skill level 4 in Polearms
   930 | D:1      | Reached XP level 3. HP: 19/27 MP: 6/6
  1035 | D:1      | Learned a level 3 spell: Spectral Weapon
  1038 | D:1      | Learned a level 2 spell: Shroud of Golubria
  1659 | D:2      | Reached skill level 1 in Hexes
  1860 | D:2      | Found a stormy altar of Qazlal.
  1961 | D:2      | Found a radiant altar of Vehumet.
  2300 | D:2      | Reached skill level 1 in Translocations
  2300 | D:2      | Reached XP level 4. HP: 25/33 MP: 1/7
  2563 | D:3      | Noticed Sigmund
  2590 | D:3      | Gained mutation: Your magical capacity is low. (-10% MP) [potion of mutation]
  2590 | D:3      | Gained mutation: You are partially covered in rugged brown scales. (AC +1, +3% HP) [potion of mutation]
  2590 | D:3      | Gained mutation: You evolve. [potion of mutation]
  2836 | D:3      | Killed Sigmund
  2836 | D:3      | Reached skill level 5 in Polearms
  2836 | D:3      | Reached XP level 5. HP: 27/39 MP: 0/7
  2836 | D:3      | Reached XP level 6. HP: 31/45 MP: 0/8
  2961 | D:3      | Found an iron altar of Okawaru.
  3115 | D:3      | Reached skill level 6 in Polearms
  3116 | D:3      | Lost mutation: You evolve. [potion of mutation]
  3116 | D:3      | Lost mutation: Your magical capacity is low. (-10% MP) [potion of mutation]
  3116 | D:3      | Lost mutation: You are partially covered in rugged brown scales. (AC +1, +3% HP) [potion of mutation]
  3116 | D:3      | Gained mutation: You are partially covered in yellow scales. (AC +2) [potion of mutation]
  3116 | D:3      | Gained mutation: Your spells are a little harder to cast, but a little more powerful. [potion of mutation]
  3200 | D:3      | Noticed Ijyb
  3230 | D:3      | Killed Ijyb
  3248 | D:3      | Learned a level 2 spell: Song of Slaying
  4502 | D:4      | Reached XP level 7. HP: 42/50 MP: 10/10
  4758 | D:4      | Reached skill level 5 in Charms
  4891 | D:4      | Found a hazy altar of Hepliaklqana.
  5166 | D:5      | Entered Level 5 of the Dungeon
  5199 | D:5      | Found Monym's Armour Emporium.
  5379 | D:5      | Reached skill level 7 in Polearms
  5453 | D:5      | Found Towaciz's Distillery.
  5513 | D:5      | Found a staircase to the Ecumenical Temple.
  5550 | D:5      | Found Patz's Antique Armour Emporium.
  5581 | D:5      | Bought a jewelled leather armour for 182 gold pieces
  5591 | D:5      | Identified the cursed +1 leather armour "Qulupueps" {rPois Regen+ Str-3 Dex+5} (You bought it in a shop on level 5 of the Dungeon)
  5674 | D:5      | Slain by a centaur

Skill      XL: |  1  2  3  4  5  6  7 |
---------------+----------------------+-----
Polearms       | 4 5 6 7 |  7.7
Charms         | 4 5 |  5.2
Hexes          | 1 2 4 |  4.2
Translocations | 1 2 3 |  3.0
Fighting       | |  2.1
Armour         | |  0.6
Dodging        | |  2.6
Spellcasting   | |  2.0

Action                   |  1- 3 |  4- 6 |  7- 9 || total
-------------------------+-------+-------+-------++-------
Melee: Spear             |   137 |   186 |   111 ||   434
 Cast: Infusion          |     6 |    14 |    11 ||    31
       Shroud of Golubri |       |     2 |     3 ||     5
  Use: Potion            |       |     5 |     1 ||     6
       Scroll            |       |       |     5 ||     5
  Eat: Chunk             |     4 |     8 |     3 ||    15
Armor: Leather armour    |    32 |    28 |    18 ||    78
Dodge: Dodged            |    65 |    85 |    56 ||   206
